Unix NetHack Version 5.0.0-0 post-release - last build May 31 2026 23:59:36 (970b52f25bf058293b47ddfd14a1e40e571c508c,branch:main).

Game began 2026-05-27 00:44:04, ended 2026-06-03 00:07:54.

Jobair, neutral female human Tourist

                          -----------------------
                         ..........%...%....%.....
                        ...........----|----.........
                       ...?..%....--.......--..........
                      ......%....--........ --..........
            -----     .......%...| ........  |...........
             ...|     --..%------- ....%...  -------...-
     ---------..--   ----%---      -..aD...        --%--
     |.....%.|...-- --..%%%..     -----|-----      .....
     |.......|...%---%.....%.   ---...c.A...---    .....
     |..._%%.-..%%.-%...%...    |.AA@a@aqA....|     ...    -
     |.......|..%)---..%%..     |.@----|---- .|             -
     |......%|...-- --....      |  |.@.....|  |
     ---------..--   ----          |....@..|
             ...|                  |...@...|
            -----                 @|.......|
                                   |.D.....|
                                   ---------A@
                                        A

Jobair the Adventurer       St:25 Dx:17 Co:18 In:21 Wi:22 Ch:18  Neutral
Astral Plane $:2  HP:172(200) Pw:153(153) AC:-38 Xp:30 T:79106  Satiated

Latest messages:
 The bolt of cold hits the giant beetle!
 The bolt of cold whizzes by you!
 The giant ant is killed by the bolt of cold!
 The bolt of cold hits the Angel of Offler.
 The door opens.
 The high priestess intones:
 "Pilgrim, you enter a sacred place!"
 You hear a nearby zap.
 The bolt of lightning hits the priestess of Offler.
 The high priestess wields a mace!
 Pick a monster, object or location.
 A red dragon suddenly appears close by!
 #ch: unknown extended command.
 Talk to whom? (in what direction) 3
 The high priestess of The Lady gives you two bits for an ale.
 You hear a nearby zap.
 The magic missile hits the red dragon!
 The magic missile hits the baluchitherium!
 The high priestess of The Lady swings her mace.
 The high priestess of The Lady hits!
 The high priestess of The Lady kicks!
 The high priestess of The Lady swings her mace.
 The high priestess of The Lady hits!
 The high priestess of The Lady kicks!
 The high priestess of The Lady swings her mace.
 The high priestess of The Lady misses!
 The high priestess of The Lady kicks!
 The orange dragon breathes sleep gas!
 The blast of sleep gas whizzes by you!
 The blast of sleep gas hits the high priestess of The Lady.
 The blast of sleep gas bounces!
 The blast of sleep gas bounces!
 The high priestess of The Lady swings her mace.
 The high priestess of The Lady hits!
 The high priestess of The Lady kicks!
 The high priestess of The Lady swings her mace.
 The high priestess of The Lady misses!
 The high priestess of The Lady misses!
 What do you want to sacrifice?
 You offer the Amulet of Yendor to The Lady...
 An invisible choir sings, and you are bathed in radiance...
 The voice of The Lady rings out: "Mortal, thou hast done well!"
 "In return for thy service, I grant thee the gift of Immortality!"
 You ascend to the status of Demigoddess...
 Do you want your possessions identified? [ynq] (y) y
 Do you want to see your attributes? [ynq] (y) y
 Do you want an account of creatures vanquished? [ynaq] (y) y
 Do you want a list of species genocided and extinct? [ynaq] (y) y
 Do you want to see your conduct and achievements? [ynq] (y) y
 Do you want to see the dungeon overview? [ynq] (y) y

Inventory:
 Coins    ('$')
  $ - 2 gold pieces
 Amulets  ('"')
  h - a blessed amulet of life saving (being worn)
 Weapons  (')')
  J - 25 poisoned +7 darts (at the ready)
  N - the blessed rustproof +6 Fire Brand (wielded in right hand)
  s - a blessed +7 silver saber (wielded in left hand)
 Armor    ('[')
  i - a blessed +4 helm of brilliance (being worn)
  T - a blessed rustproof +4 pair of gauntlets of power (being worn)
  k - a blessed fireproof +4 pair of speed boots (being worn)
  L - a blessed fireproof +4 cloak of protection (being worn)
  R - a blessed fireproof +4 Hawaiian shirt with a ukulele motif (being worn)
  y - a blessed +4 silver dragon scale mail (being worn)
 Comestibles  ('%')
  u - 5 uncursed C-rations
  v - an uncursed lizard corpse
 Scrolls  ('?')
  D - an uncursed scroll of stinking cloud
 Potions  ('!')
  r - 4 blessed potions of full healing
  c - an uncursed potion of speed
 Rings    ('=')
  H - an uncursed ring of conflict (on right hand)
  w - a blessed ring of free action (on left hand)
  d - an uncursed ring of free action
  P - an uncursed ring of levitation
 Wands    ('/')
  E - a wand of cancellation (0:6)
  Q - a blessed wand of death (0:5)
  o - a wand of death (0:3)
  p - a wand of death (0:0)
  z - a wand of digging (0:0)
  S - a wand of teleportation (0:7)
  g - a wand of teleportation (0:6)
  t - a wand of teleportation (0:5)
  B - a wand of teleportation (0:0)
  V - a wand of teleportation (0:0)
  K - a blessed wand of wishing (1:1)
 Tools    ('(')
  b - a blessed bag of holding named Daily Wear containing 22 items
  C - a blessed magic lamp (lit)
  W - the blessed Platinum Yendorian Express Card
  F - an uncursed skeleton key
  U - an uncursed wet towel
  I - a blessed +0 unicorn horn
 Gems/Stones  ('*')
  G - a blessed luckstone

Contents of the bag of holding named Daily Wear:
  a blessed amulet of magical breathing
  a blessed fireproof +4 cloak of magic resistance
  5 uncursed food rations
  3 uncursed lembas wafers
  an uncursed lizard corpse
  5 blessed scrolls of blank paper
  5 blessed scrolls of magic mapping
  4 blessed scrolls of teleportation
  2 uncursed potions of confusion
  4 blessed potions of full healing
  a cursed diluted potion of paralysis
  6 cursed diluted potions of paralysis
  4 blessed potions of speed
  9 potions of holy water
  an uncursed ring of regeneration
  a wand of cold (0:6)
  a wand of digging (0:8)
  a wand of digging (0:8)
  a wand of digging (0:8)
  a wand of digging (0:7)
  a wand of digging (0:7)
  a wand of enlightenment (0:12)

Jobair the Tourist's attributes:

Background:
 You were an Adventurer, a level 30 female human Tourist.
 You were neutral, on a mission for The Lady
 who was opposed by Blind Io (lawful) and Offler (chaotic).
 You were right-handed.
 You were in the endgame, on the Astral Plane.
 You entered the dungeon 79106 turns ago.
 It was the midnight hour.
 There was a full moon in effect when your adventure ended.
 You had 100274480 experience points.

Basics:
 You had 172 out of 200 hit points.
 You had all 153 energy points (spell power).
 Your armor class was -38.
 Your wallet contained 2 zorkmids.
 Autopickup was off.

Final Characteristics:
 Your strength was 25 (base:18/27, innate limit:18/100).
 Your dexterity was 17 (peak:18, limit:18).
 Your constitution was 18 (limit:18).
 Your intelligence was 21 (base:17, innate limit:18).
 Your wisdom was 22 (base:18, innate limit:18).
 Your charisma was 18 (limit:18).

Final Status:
 You were satiated.
 You were unencumbered.
 You were wielding two weapons at once.
 Your two weapon skill was limited by being basic with long sword.
 Your two weapon skill was also limited by being basic with saber.

Final Attributes:
 You were piously aligned.
 You were magic-protected.
 You were fire resistant.
 Your items were protected from fire.
 You were cold resistant.
 You were sleep resistant.
 You were disintegration resistant.
 You were shock resistant.
 You were poison resistant.
 You were telepathic.
 You had automatic searching.
 You were invisible.
 You caused conflict.
 You had a moderate defense bonus (+9).
 You were protected.
 You took half spell damage.
 You were very fast.
 You had reflection.
 You had free action.
 Your life would have been saved.
 You were extremely lucky.
 You had extra luck.
 Good luck did not time out for you.
 You survived.

Miscellaneous:
 You encountered 2 bones levels.
 Total elapsed playing time was 1 day, 1 hour, 26 minutes and 11 seconds.

Major events:
 Turn
    1: Jobair the neutral female human Tourist entered the dungeon
  859: entered the Gnomish Mines
 1008: made her first wish - "blessed greased +2 silver dragon scale mail", got "a greased silver dragon scale mail"
 1027: attained the rank of Sightseer (level 3)
 2845: attained the rank of Excursionist (level 6)
 3315: reached Mine Town
 8072: entered Sokoban
 8588: completed 1st Sokoban level
 9494: completed 2nd Sokoban level
10512: completed 3rd Sokoban level
11785: completed 4th Sokoban level
12995: attained the rank of Peregrinatrix (level 10)
14379: acquired the Sokoban bag of holding
14693: found Giantslayer on the floor
20175: was bestowed with Dragonbane by The Lady
24206: acquired the Mines' End luckstone
26322: was bestowed with Fire Brand by The Lady
28138: entered Home 1, the Quest
35990: attained the rank of Traveler (level 14)
36615: found Magicbane on the floor
39388: Twoflower has granted access to proceed deeper into the quest
39391: entered Home 2, the Quest
39590: entered Home 3, the Quest
40600: entered Home 4, the Quest
40678: entered Home 5, the Quest
40821: entered Home 6, the Quest
41884: found the Platinum Yendorian Express Card on the floor
41888: killed the Master of Thieves
41890: acquired the Bell of Opening
43637: was bestowed with Vorpal Blade by The Lady
44547: performed her first genocide (class h)
44548: genocided class m
46179: killed Medusa
47898: attained the rank of Journeyer (level 18)
47932: attained the rank of Voyager (level 22)
47985: attained the rank of Explorer (level 26)
48109: genocided class L
52057: killed Parbalingga, the delicatessen proprietrix
52206: wished for "blessed fireproof saddle", got "a saddle"
52677: Jonzac, the antique weapons outlet proprietor, has been killed
52957: Chibougamau, the general store proprietor, has been killed
52995: Izchak, the lighting store proprietor, has been killed
53039: killed Nenilukah, the hardware store proprietor
53332: killed Adjama, the general store proprietor
53542: Glenbeigh, the second-hand bookstore proprietrix, has been killed
53737: Raciborz, the liquor emporium proprietor, has been killed
61792: entered Gehennom
63727: killed Juiblex
65134: killed Asmodeus
65857: killed Baalzebub
67784: attained the rank of Adventurer (level 30)
67813: genocided class R
67814: genocided class ;
70928: killed Orcus
73380: destroyed Vlad the Impaler
73383: acquired the Candelabrum of Invocation
74601: wished for "blessed ring of teleport control", got "a copper ring"
76337: killed the Wizard of Yendor
76339: killed Yeenoghu
76366: acquired the Book of the Dead
76484: performed the invocation
76610: killed the Wizard of Yendor (2nd time)
76889: killed the high priestess of Moloch
76891: acquired The Amulet of Yendor
76891: wished for "a blessed wand of death", got "a wand of death"
78349: entered the Elemental Planes
78349: entered Plane of Earth
78372: killed the Wizard of Yendor (3rd time)
78407: entered Plane of Air
78471: entered Plane of Fire
78484: entered Plane of Water
79007: entered the Astral Plane
79015: killed Famine
79034: killed Pestilence
79043: found Grimtooth carried by a monster
79064: killed Death
79078: killed Pestilence (2nd time)
79082: killed Pestilence (3rd time)
79092: killed Famine (2nd time)
79106: ascended

You didn't know any spells.

Skills:
 Fighting Skills
   bare handed combat [Unskilled]
   two weapon combat  [Skilled]
   riding             [Basic]
 Weapon Skills
   dagger             [Unskilled]
   knife              [Unskilled]
   axe                [Unskilled]
   pick-axe           [Unskilled]
   short sword        [Unskilled]
   broadsword         [Unskilled]
   long sword         [Basic]
   two-handed sword   [Unskilled]
   saber              [Basic]
   mace               [Unskilled]
   morning star       [Unskilled]
   flail              [Unskilled]
   hammer             [Unskilled]
   quarterstaff       [Unskilled]
   polearms           [Unskilled]
   spear              [Unskilled]
   trident            [Unskilled]
   lance              [Unskilled]
   bow                [Unskilled]
   sling              [Unskilled]
   crossbow           [Unskilled]
   dart               [Expert]
   shuriken           [Unskilled]
   boomerang          [Unskilled]
   whip               [Unskilled]
   unicorn horn       [Unskilled]
 Spellcasting Skills
   divination spells  [Unskilled]
   enchantment spells [Unskilled]
   escape spells      [Unskilled]

Voluntary challenges:
 Character rerolling was not enabled.
 You genocided 22 types of monsters.
 You used 4 wishes.
 You did not wish for any artifacts.
 You violated the special Sokoban rules thrice.
Achievements:
 You entered a shop.
 You entered the Gnomish Mines.
 You attained the rank of Sightseer.
 You attained the rank of Excursionist.
 You entered Minetown.
 You entered a temple.
 You entered Sokoban.
 You attained the rank of Peregrinatrix.
 You completed Sokoban.
 You completed the Gnomish Mines.
 You attained the rank of Traveler.
 You handled the Bell of Opening.
 You defeated Medusa.
 You attained the rank of Journeyer.
 You attained the rank of Voyager.
 You attained the rank of Explorer.
 You entered Gehennom.
 You attained the rank of Adventurer.
 You handled the Candelabrum of Invocation.
 You handled the Book of the Dead.
 You gained access to Moloch's Sanctum.
 You reached the Elemental Planes.
 You reached the Astral Plane.
 You delivered the Amulet of Yendor.
 You ascended!

 The Elemental Planes:
    Astral Plane: <- You are here.
       Some temples and some altars.
    Plane of Water:
    Plane of Fire:
    Plane of Air:
    Plane of Earth:
 The Dungeons of Doom: levels 1 to 28
    Level 1:
       An altar to The Lady.
       One way stairs up to The Elemental Planes.
    Level 2:
       A weapon shop, a sink.
       Stairs down to The Gnomish Mines.
    Level 3:
    Level 4:
       Some fountains.
    Level 5:
       A general store.
    Level 6:
       Some fountains, many trees.
    Level 7:
       Many fountains.
       Oracle of Delphi.
    Level 8:
       A scroll shop, a fountain.
       Stairs up to Sokoban, level 7.
    Level 9:
       A potion shop, many fountains.
       Final resting place for
          Nestorix-Tou-Hum-Mal-Neu, killed by a wolf.
    Level 10:
    Level 11:
       A temple and an altar, some fountains.
    Level 12:
       A fountain.
    Level 13:
       A sink.
    Level 14:
       An altar to The Lady.
       Portal to The Quest.
    Level 15:
       A temple and an altar.
    Level 16:
       A primitive area.
    Level 17:
       A temple and an altar, a grave.
    Level 18:
       Many altars, many fountains.
    Level 19:
    Level 20:
       An untended shop, a fountain.
       Final resting place for
          kodon-Wiz-Hum-Mal-Neu, killed by an invisible jabberwock called Spot.
    Level 21:
       A fountain, some graves.
    Level 22:
       A fountain.
    Level 23:
    Level 24:
    Level 25:
       A fountain.
    Level 26:
       An altar to The Lady, some fountains.
    Level 27:
       A fountain, many trees.
    Level 28:
       A fountain.
       The castle.
       Connection to Gehennom.
 Gehennom: levels 29 to 49
    Level 29:
       A temple and an altar, many graves.
       Valley of the Dead.
    Level 30:
    Level 31:
    Level 32:
    Level 33:
       A fountain.
    Level 34:
    Level 35:
    Level 36:
    Level 37:
    Level 38:
    Level 39:
       Stairs up to Vlad's Tower, level 38.
    Level 40:
       Some shops, an altar, many graves.
    Level 41:
    Level 42:
    Level 43:
    Level 44:
    Level 45:
    Level 46:
    Level 47:
    Level 48:
    Level 49:
       A temple and an altar, many graves.
       Moloch's Sanctum.
 The Gnomish Mines: levels 3 to 11
    Level 3:
    Level 4:
    Level 5:
       Many shops, a temple and an altar to The Lady, some fountains.
    Level 6:
    Level 7:
    Level 8:
    Level 9:
    Level 10:
    Level 11:
 The Quest: levels 1 to 6
    Level 1:
       A throne, many graves.
       Completed quest for Twoflower.
    Level 2:
    Level 3:
       Some shops, a temple, a throne, many graves.
    Level 4:
    Level 5:
    Level 6:
       Some shops, some graves.
 Sokoban: levels 7 up to 4
    Level 4:
       Solved.
    Level 5:
       Solved.
    Level 6:
       Solved.
    Level 7:
       Solved.
 Vlad's Tower: levels 38 up to 36
    Level 36:
       A throne.
    Level 37:
    Level 38:


Vanquished creatures:
    Asmodeus
    Baalzebub
    Orcus
    Yeenoghu
  3 erinyes
    Juiblex
the Wizard of Yendor (4 times)
    Death
    Pestilence (thrice)
    Famine (twice)
    Vlad the Impaler
  a high cleric
    Medusa
  a kraken
the Master of Thieves
  9 iron golems
  a ki-rin
  4 storm giants
  a titan
  a glass golem
 12 balrogs
  6 purple worms
  4 gray dragons
  4 gold dragons
  3 silver dragons
  9 red dragons
  7 white dragons
  3 orange dragons
  9 black dragons
  4 blue dragons
  2 green dragons
  5 yellow dragons
 25 minotaurs
  7 jabberwocks
 10 baluchitheria
  4 Angels
  4 demiliches
  4 stone golems
 15 Olog-hai
  a Nazgul
 11 pit fiends
  3 sandestins
  9 hell hounds
  5 displacer beasts
  6 titanotheres
  5 trappers
  2 baby gray dragons
  8 baby red dragons
  a baby white dragon
 11 guardian nagas
 11 genetic engineers
  2 disenchanters
 29 vampire leaders
  6 skeletons
  8 shopkeepers
 15 aligned clerics
 10 captains
  6 shades
  2 liches
  4 clay golems
 10 nurses
 12 ice devils
  6 nalfeshnees
  5 lurkers above
  3 Aleaxes
  5 frost giants
 14 ettins
  2 golden nagas
  8 black puddings
 25 vampires
 13 lieutenants
 50 ghosts
  a queen bee
  4 winged gargoyles
  2 mind flayers
  3 giant mimics
  5 long worms
  6 zruties
  8 fire giants
 13 ogre tyrants
  3 ice trolls
  5 rock trolls
  8 umber hulks
 13 flesh golems
  6 elven monarchs
  4 doppelgangers
 10 hezrous
  4 bone devils
  5 large mimics
  a wumpus
  7 fire vortices
  4 couatls
 12 stalkers
 12 air elementals
 10 fire elementals
  4 earth elementals
 31 water elementals
 13 hill giants
  5 giant mummies
  3 black nagas
 12 xorns
 29 giant zombies
 24 elf-nobles
 23 sergeants
  5 barbed devils
 22 vrocks
  4 salamanders
 10 wargs
  6 winter wolves
 16 hell hound pups
 28 small mimics
  8 warhorses
  7 steam vortices
 12 xans
  2 ettin mummies
  9 ogre leaders
 10 quantum mechanics
 42 trolls
  4 sasquatches
  2 wood golems
  9 mariliths
  4 sharks
 an electric eel
  8 gelatinous cubes
 10 pyrolisks
  6 large dogs
  5 freezing spheres
 23 flaming spheres
  6 shocking spheres
  3 large cats
  8 tigers
 11 gargoyles
  a dwarf ruler
  4 tengu
 12 ochre jellies
 13 leocrottas
  6 energy vortices
 11 mountain centaurs
 11 stone giants
  9 elf mummies
  6 human mummies
 11 red nagas
  7 green slimes
  3 pythons
  4 pit vipers
 32 cobras
 91 wraiths
  8 carnivorous apes
 25 ettin zombies
  2 leather golems
  8 Grey-elves
117 soldiers
  5 watchmen
 19 amorous demons
  9 horned devils
 10 chameleons
  a crocodile
 36 giant beetles
 11 quivering blobs
 18 cockatrices
 32 wolves
  5 winter wolf cubs
  4 lynxes
  6 panthers
  7 gremlins
  6 spotted jellies
 24 leprechauns
  8 orc-captains
  5 iron piercers
  3 mumakil
 93 giant spiders
 11 scorpions
  7 horses
 an ice vortex
 17 black lights
  8 vampire bats
 35 forest centaurs
 11 gnome rulers
  4 orc mummies
  5 dwarf mummies
 an ogre
  a brown pudding
  7 rust monsters
 18 owlbears
 13 yetis
  3 gold golems
  7 werewolves
 19 Green-elves
  2 piranha
 10 giant eels
 19 lizards
  4 chickatrices
  a dingo
  a dog
  2 housecats
  7 jaguars
  3 dwarf leaders
  5 blue jellies
  4 white unicorns
  5 black unicorns
 12 dust vortices
 38 ravens
  6 plains centaurs
  2 Kop Kaptains
  3 gnome mummies
 15 snakes
  2 apes
 21 human zombies
  4 rope golems
 11 Woodland-elves
 37 soldier ants
 25 fire ants
 18 bugbears
  3 imps
  3 lemures
  6 quasits
 15 wood nymphs
  9 water nymphs
  9 mountain nymphs
 34 Mordor orcs
 14 Uruk-hai
  7 orc shamans
 10 rock piercers
  3 rock moles
  8 ponies
  4 fog clouds
 16 yellow lights
  4 shriekers
  4 violet fungi
 24 gnome leaders
 11 gnomish wizards
  4 Kop Lieutenants
  5 kobold mummies
  a guardian naga hatchling
  6 gray oozes
  a barrow wight
 20 elf zombies
 20 ghouls
  2 straw golems
  4 paper golems
  4 jellyfish
  a baby crocodile
 66 giant ants
  2 little dogs
 13 floating eyes
  2 kittens
 29 dwarves
  6 homunculi
  6 kobold leaders
  6 kobold shamans
 80 hill orcs
 31 rothes
  8 rabid rats
  6 centipedes
  2 giant bats
 12 monkeys
 20 orc zombies
 21 dwarf zombies
  4 wererats
  5 werejackals
 22 iguanas
 55 killer bees
  8 acid blobs
  6 coyotes
  3 gas spores
  7 hobbits
 30 manes
  4 large kobolds
 29 hobgoblins
 12 giant rats
 24 cave spiders
  5 brown molds
  6 yellow molds
  3 red molds
 86 gnomes
  6 Keystone Kops
  9 garter snakes
 19 gnome zombies
 27 geckos
 22 jackals
  3 foxes
  4 kobolds
  9 goblins
 11 sewer rats
 27 grid bugs
  a bat
 11 lichens
 13 kobold zombies
 18 newts
3214 creatures vanquished.

Genocided or extinct species:
 erinyes (extinct)
 arch-liches
 krakens
 master liches
 demiliches
 master mind flayers
 disenchanters
 liches
 mind flayers
 giant mimics
 large mimics
 small mimics
 sharks
 electric eels
 dwarf rulers
 rust monsters
 piranha
 giant eels
 dwarf leaders
 bugbears
 jellyfish
 dwarves
 hobbits
22 species genocided.
1 species extinct.

Aloha Jobair the Demigoddess...

You went to your reward with 3627460 points,
Fire Brand (worth 3000 zorkmids and 7500 points)
The Platinum Yendorian Express Card (worth 7000 zorkmids and 17500 points)
       1 amulet of life saving (worth 150 zorkmids),
       1 amulet of magical breathing (worth 150 zorkmids),
and 2 pieces of gold, after 79106 moves.
You were level 30 with a maximum of 200 hit points when you ascended.

